 Dungeon Sprint DCSS version 0.29-a0-375-g5102b3be25 (webtiles) character file.

Game seed: 12903934862705934830

14700000 HendSelp the Axe Maniac (level 27, -1/298 HPs)
             Began as a Deep Dwarf Monk on May 3, 2022.
             Was the Champion of Makhleb.
             Killed from afar by a dread (25 damage)
             ... with damnation
             ... in the Dungeon (Sprint VIII: "Arena of Blood").
             The game lasted 00:03:48 (147 turns).

HendSelp the Axe Maniac (Deep Dwarf Monk)            Turns: 147, Time: 00:03:48

Health: -1/298     AC:  4    Str: 27    XL:     27
Magic:  48/54      EV: 27    Int: 13    God:    Makhleb [******]
Gold:   0          SH:  0    Dex: 15    Spells: 80/80 levels left

rFire   . . .      SeeInvis +   j - +∞ Axe of Woe
rCold   . . .      Faith    .   (shield currently unavailable)
rNeg    + . .      Spirit   .   b - +0 robe
rPois   .          Reflect  .   (no helmet)
rElec   .          Harm     .   (no cloak)
rCorr   .          Rampage  .   (no gloves)
Will    ++++.      NoTele   +   (no boots)
Stlth   +++++++++.              (no amulet)
HPRegen 0.00/turn               k - ring of see invisible
MPRegen 0.34/turn               (no ring)

@: no status effects
A: damage resistance, heal wounds, negative energy resistance 1, sense
surroundings 3, no regeneration
a: Heal Wounds, Renounce Religion, Minor Destruction, Lesser Servant of Makhleb,
Major Destruction, Greater Servant of Makhleb


You were in the Dungeon.
You worshipped Makhleb.
Makhleb was exalted by your worship.
You visited 1 branch

Inventory:

Hand Weapons
 a - a +0 hand axe
 j - the +∞ Axe of Woe (weapon)
   (You found it in the Dungeon)
Armour
 b - a +0 robe (worn)
Jewellery
 k - a ring of see invisible (left hand)
Scrolls
 i - a scroll of blinking
Potions
 c - a potion of ambrosia
 f - a potion of haste
 g - 2 potions of magic
 h - a potion of berserk rage


   Skills:
 O Level 27 Fighting
 O Level 27 Short Blades
 O Level 27 Long Blades
 O Level 27 Axes
 O Level 27 Maces & Flails
 O Level 27 Polearms
 O Level 27 Staves
 O Level 27 Slings
 O Level 27 Bows
 O Level 27 Crossbows
 O Level 27 Throwing
 O Level 27 Armour
 O Level 27 Dodging
 O Level 27 Stealth
 O Level 27 Shields
 O Level 27 Unarmed Combat
 O Level 27 Spellcasting
 O Level 27 Conjurations
 O Level 27 Hexes
 O Level 27 Summonings
 O Level 27 Necromancy
 O Level 27 Translocations
 O Level 27 Transmutations
 O Level 27 Fire Magic
 O Level 27 Ice Magic
 O Level 27 Air Magic
 O Level 27 Earth Magic
 O Level 27 Poison Magic
 O Level 27 Invocations
 O Level 27 Evocations


You had 80 spell levels left.
You didn't know any spells.
Your spell library was empty.

Dungeon Overview and Level Annotations

Branches:
Dungeon (1/1)

Altars:
Makhleb

Annotations:
D The Meatlord


Innate Abilities, Weirdness & Mutations

You are resistant to damage.
You can heal yourself by infusing magical energy.
You resist negative energy. (rN+)
You passively map a large area around you.
You do not regenerate.


Message History

The dread throws damnation at you.
The sphere of damnation explodes!
The damnation engulfs you!!
* * * LOW HITPOINT WARNING * * *
You hear a shout! x2
The meat berserker rages.
You hear a shout! x4
The Meatlord moves out of view.
The bag of meat moves out of view.
A meat beast comes into view.
Unknown command.
Unknown command.
Unknown command.
Unknown command.
Unknown command.
Unknown command.
Unknown command.
Unknown command.
Unknown command.
Unknown command.
Unknown command.
Unknown command.
Unknown command.
Unknown command.
Unknown command.
Unknown command.
Unknown command.
Unknown command.
Unknown command.
Unknown command.
Unknown command.
Unknown command.
Unknown command.
You feel much better.
You are no longer poisoned.
The bag of meat shouts!
You hear an angry hiss.
You hear a shout! x2
The fleshlord mumbles some strange words.
The fleshlord seems to speed up.
A meat berserker comes into view. It is wielding a +9 battleaxe.
The dread throws damnation at you.
The sphere of damnation explodes!
The damnation engulfs you!!
You die...

, ......))..#.#......
* , ,
,,*......).).........#
* , * *
#...o.)).)..§p§..o. ,
, .#....))))..§)§.2O.
,, , ,
......))))..§.O2.. *,
......)))).....D2. ,,,
, ,*,
.....#W)))WpO#...° ,,
, .....#.))))..#..., ,
...###.)).@..###. ,
,,, , ,
oM......###....... , *
,,,,
#........_........ , ,
,, , ,
......#.....#..... ,
....&.#_)<._#..... ,
,* ......#)...O# ....
* *,, ,
,#........_.oo.....,
,, ,
........###....... *
,, ,, ...###...
..###.,,, , , *


You could see 2 meat beasts, 2 fleshlords, 2 dreads, 4 meat berserkers and 4
bags of meat.

Vanquished Creatures
  10 hell knights (D)
  Sigmund (D)
  9 hell beasts (D)
  3 royal mummies (D)
  8 great orbs of eyes (D)
  2 wraiths (D)
  13 vampire knights (D)
  40 ogres (D)
  4 two-headed ogres (D)
  4 liches (D)
  A hydra (D)
  5 phantoms (D)
  69 orcs (D)
  A skeletal warrior (D)
  8 sea snakes (D)
178 creatures vanquished.

Vanquished Creatures (others)
  An ogre (D)
  2 two-headed ogres (D)
  An orc (D)
  A sea snake (D)
5 creatures vanquished.

Grand Total: 183 creatures vanquished

Notes
Turn   | Place    | Note
-------+----------+-------------------------------------------
     0 | D        | Found the +∞ Axe of Woe
     0 | D        | HendSelp the Deep Dwarf Monk began the quest for the Orb.
     0 | D        | Reached XP level 1. HP: 20/20 MP: 1/1
     2 | D        | Noticed a bag of meat
     2 | D        | Noticed a bag of meat
     3 | D        | Noticed a bag of meat
     3 | D        | Noticed a bag of meat
     4 | D        | Became a worshipper of Makhleb the Destroyer
     4 | D        | Reached * piety under Makhleb
     4 | D        | Reached ** piety under Makhleb
     4 | D        | Noticed a bag of meat
     6 | D        | Killed a bag of meat
     6 | D        | Killed a bag of meat
     6 | D        | Noticed a bag of meat
     6 | D        | Noticed a bag of meat
     7 | D        | Reached skill level 15 in Fighting
     7 | D        | Reached XP level 2. HP: 54/54 MP: 2/2
     7 | D        | Reached XP level 3. HP: 61/61 MP: 3/3
     7 | D        | Reached XP level 4. HP: 69/69 MP: 4/4
     7 | D        | Reached XP level 5. HP: 76/76 MP: 5/5
     7 | D        | Reached XP level 6. HP: 85/85 MP: 6/6
     7 | D        | Reached XP level 7. HP: 92/92 MP: 7/7
     7 | D        | Reached XP level 8. HP: 100/100 MP: 8/8
     7 | D        | Gained mutation: You passively map the area around you.
                  | [Deep Dwarf growth]
     7 | D        | Reached XP level 9. HP: 109/109 MP: 9/9
     7 | D        | Reached XP level 10. HP: 117/117 MP: 10/10
     7 | D        | Reached XP level 11. HP: 124/124 MP: 11/11
     7 | D        | Killed a bag of meat
     7 | D        | Noticed a bag of meat
     8 | D        | Reached skill level 10 in Stealth
     8 | D        | Reached XP level 12. HP: 136/136 MP: 12/12
     9 | D        | Noticed a bag of meat
    10 | D        | Noticed a bag of meat
    10 | D        | Noticed a meat berserker
    10 | D        | Noticed a meat berserker
    10 | D        | Noticed a bag of meat
    11 | D        | Noticed a bag of meat
    12 | D        | Noticed a bag of meat
    12 | D        | Noticed a bag of meat
    12 | D        | Noticed a bag of meat
    12 | D        | Noticed a bag of meat
    13 | D        | Killed a meat berserker
    13 | D        | Reached *** piety under Makhleb
    14 | D        | Reached XP level 13. HP: 148/148 MP: 13/13
    14 | D        | Noticed a meat berserker
    14 | D        | Noticed a bag of meat
    14 | D        | Noticed a meat berserker
    14 | D        | Noticed a bag of meat
    14 | D        | Noticed a bag of meat
    15 | D        | Killed a meat berserker
    15 | D        | Killed a bag of meat
    15 | D        | Killed a bag of meat
    15 | D        | Reached **** piety under Makhleb
    16 | D        | Gained mutation: You resist negative energy. (rN+) [Deep
                  | Dwarf growth]
    16 | D        | Reached XP level 14. HP: 140/166 MP: 14/14
    16 | D        | Killed a meat berserker
    16 | D        | Noticed a meat berserker
    16 | D        | Noticed a bag of meat
    17 | D        | Reached skill level 27 in Axes
    17 | D        | Reached XP level 15. HP: 180/180 MP: 15/15
    18 | D        | Reached skill level 27 in Dodging
    19 | D        | Noticed a destroyer
    19 | D        | Reached ***** piety under Makhleb
    19 | D        | Noticed a meat berserker
    20 | D        | Reached skill level 27 in Fighting
    20 | D        | Reached XP level 16. HP: 200/200 MP: 16/16
    20 | D        | Noticed a meat berserker
    22 | D        | Reached skill level 27 in Stealth
    22 | D        | Killed a meat berserker
    22 | D        | Reached ****** piety under Makhleb
    23 | D        | Reached skill level 5 in Slings
    23 | D        | Reached skill level 5 in Crossbows
    23 | D        | Reached skill level 5 in Armour
    23 | D        | Reached skill level 5 in Shields
    23 | D        | Reached skill level 5 in Necromancy
    23 | D        | Reached skill level 5 in Translocations
    23 | D        | Reached XP level 17. HP: 208/208 MP: 16/23
    23 | D        | Killed a meat berserker
    23 | D        | Noticed a meat berserker
    24 | D        | Reached skill level 5 in Long Blades
    24 | D        | Reached skill level 5 in Maces & Flails
    24 | D        | Reached skill level 5 in Polearms
    24 | D        | Reached skill level 5 in Staves
    24 | D        | Reached skill level 5 in Bows
    24 | D        | Reached skill level 5 in Spellcasting
    24 | D        | Reached skill level 5 in Hexes
    24 | D        | Reached skill level 5 in Air Magic
    24 | D        | Reached skill level 5 in Poison Magic
    24 | D        | Killed a meat berserker
    25 | D        | Killed a meat berserker
    25 | D        | Killed a destroyer
    25 | D        | Noticed a large bag of meat
    25 | D        | Noticed a large bag of meat
    26 | D        | Reached skill level 10 in Slings
    26 | D        | Reached skill level 10 in Crossbows
    26 | D        | Reached skill level 10 in Armour
    26 | D        | Reached skill level 10 in Shields
    26 | D        | Reached skill level 10 in Necromancy
    26 | D        | Reached skill level 10 in Translocations
    26 | D        | Gained mutation: You passively map a large area around you.
                  | [Deep Dwarf growth]
    26 | D        | Reached XP level 18. HP: 218/218 MP: 16/29
    26 | D        | Noticed a meat berserker
    27 | D        | Noticed a destroyer
    27 | D        | Noticed a meat berserker
    27 | D        | Noticed a destroyer
    28 | D        | Reached XP level 19. HP: 226/226 MP: 16/31
    29 | D        | Killed a destroyer
    30 | D        | Reached skill level 10 in Short Blades
    30 | D        | Reached skill level 10 in Unarmed Combat
    30 | D        | Reached skill level 10 in Summonings
    30 | D        | Reached skill level 10 in Transmutations
    30 | D        | Reached skill level 10 in Ice Magic
    30 | D        | Killed a meat berserker
    30 | D        | Noticed a meat berserker
    30 | D        | Noticed a destroyer
    31 | D        | Reached skill level 10 in Long Blades
    31 | D        | Reached skill level 10 in Maces & Flails
    31 | D        | Reached skill level 10 in Throwing
    31 | D        | Reached skill level 10 in Conjurations
    31 | D        | Reached skill level 10 in Fire Magic
    32 | D        | Noticed a destroyer
    33 | D        | Noticed a destroyer
    33 | D        | Killed a destroyer
    33 | D        | Killed a meat berserker
    34 | D        | Reached skill level 10 in Polearms
    34 | D        | Reached skill level 10 in Staves
    34 | D        | Reached skill level 10 in Spellcasting
    34 | D        | Reached skill level 10 in Hexes
    34 | D        | Reached skill level 10 in Poison Magic
    34 | D        | Reached XP level 20. HP: 236/236 MP: 17/34
    34 | D        | Killed a large bag of meat
    34 | D        | Killed a meat berserker
    35 | D        | Reached skill level 10 in Bows
    35 | D        | Reached skill level 10 in Air Magic
    35 | D        | Killed a large bag of meat
    36 | D        | Reached skill level 15 in Slings
    36 | D        | Reached skill level 15 in Crossbows
    36 | D        | Reached skill level 15 in Armour
    36 | D        | Reached skill level 15 in Shields
    36 | D        | Reached skill level 15 in Necromancy
    36 | D        | Reached skill level 15 in Translocations
    36 | D        | Killed a destroyer
    36 | D        | Killed a destroyer
    36 | D        | Noticed a meat berserker
    37 | D        | Reached XP level 21. HP: 233/244 MP: 18/37
    37 | D        | Noticed a destroyer
    38 | D        | Noticed a large bag of meat
    40 | D        | Noticed a destroyer
    41 | D        | Killed a destroyer
    42 | D        | Reached XP level 22. HP: 254/254 MP: 19/39
    42 | D        | Killed a destroyer
    43 | D        | Reached skill level 15 in Short Blades
    43 | D        | Reached skill level 15 in Throwing
    43 | D        | Reached skill level 15 in Unarmed Combat
    43 | D        | Reached skill level 15 in Conjurations
    43 | D        | Reached skill level 15 in Summonings
    43 | D        | Reached skill level 15 in Transmutations
    43 | D        | Reached skill level 15 in Fire Magic
    43 | D        | Reached skill level 15 in Ice Magic
    43 | D        | Noticed a destroyer
    45 | D        | Noticed an accursed
    49 | D        | Killed a destroyer
    50 | D        | Reached skill level 15 in Long Blades
    50 | D        | Reached skill level 15 in Maces & Flails
    56 | D        | Killed a large bag of meat
    57 | D        | Reached skill level 15 in Spellcasting
    57 | D        | Reached skill level 15 in Hexes
    57 | D        | Reached skill level 15 in Poison Magic
    57 | D        | Reached XP level 23. HP: 213/262 MP: 22/42
    60 | D        | Killed an accursed
    60 | D        | Noticed a meat beast
    60 | D        | Noticed a meat beast
    61 | D        | Noticed an accursed
    62 | D        | Noticed a meat beast
    63 | D        | Reached skill level 15 in Polearms
    63 | D        | Reached skill level 15 in Staves
    63 | D        | Killed a meat beast
    63 | D        | Noticed a meat beast
    64 | D        | Reached skill level 15 in Bows
    64 | D        | Reached skill level 15 in Air Magic
    64 | D        | Reached XP level 24. HP: 250/272 MP: 24/43
    64 | D        | Killed a meat beast
    65 | D        | Killed a meat beast
    66 | D        | Reached XP level 25. HP: 280/280 MP: 25/45
    66 | D        | Killed a meat beast
    67 | D        | Reached skill level 27 in Earth Magic
    67 | D        | Reached skill level 27 in Invocations
    67 | D        | Reached skill level 27 in Evocations
    71 | D        | Reached XP level 26. HP: 277/290 MP: 26/46
    71 | D        | Noticed a dread
    72 | D        | Killed an accursed
    73 | D        | Killed a destroyer
    77 | D        | Noticed a meat beast
    79 | D        | Killed a dread
    80 | D        | Reached XP level 27. HP: 298/298 MP: 30/47
    80 | D        | Noticed a destroyer
    81 | D        | Noticed a meat beast
    81 | D        | Noticed a destroyer
    81 | D        | Noticed The Captor
    81 | D        | Noticed a meat beast
    82 | D        | Killed a meat beast
    82 | D        | Killed a meat beast
    82 | D        | Killed a meat beast
    83 | D        | Reached skill level 27 in Slings
    83 | D        | Reached skill level 27 in Crossbows
    83 | D        | Reached skill level 27 in Armour
    83 | D        | Reached skill level 27 in Shields
    83 | D        | Reached skill level 27 in Necromancy
    83 | D        | Reached skill level 27 in Translocations
    83 | D        | Noticed a destroyer
    83 | D        | Killed a destroyer
    84 | D        | Noticed a large bag of meat
    85 | D        | Noticed a destroyer
    86 | D        | Killed a destroyer
    89 | D        | Killed a destroyer
    90 | D        | Reached skill level 27 in Unarmed Combat
    90 | D        | Reached skill level 27 in Transmutations
    90 | D        | Reached skill level 27 in Fire Magic
    90 | D        | Reached skill level 27 in Ice Magic
    90 | D        | Killed The Captor
    91 | D        | Reached skill level 27 in Short Blades
    91 | D        | Reached skill level 27 in Long Blades
    91 | D        | Reached skill level 27 in Maces & Flails
    91 | D        | Reached skill level 27 in Polearms
    91 | D        | Reached skill level 27 in Staves
    91 | D        | Reached skill level 27 in Throwing
    91 | D        | Reached skill level 27 in Spellcasting
    91 | D        | Reached skill level 27 in Conjurations
    91 | D        | Reached skill level 27 in Hexes
    91 | D        | Reached skill level 27 in Summonings
    91 | D        | Reached skill level 27 in Poison Magic
    92 | D        | Killed a large bag of meat
    92 | D        | Noticed a tyrant
    93 | D        | Reached skill level 27 in Bows
    93 | D        | Reached skill level 27 in Air Magic
    93 | D        | Killed a tyrant
   100 | D        | Noticed a tyrant
   101 | D        | Killed a destroyer
   106 | D        | Noticed a tyrant
   109 | D        | Noticed an accursed
   116 | D        | Killed a tyrant
   116 | D        | Killed a tyrant
   116 | D        | Noticed a fleshlord
   117 | D        | Noticed a fleshlord
   119 | D        | Noticed a tyrant
   120 | D        | Noticed a fleshlord
   120 | D        | Noticed a fleshlord
   121 | D        | Noticed a meat beast
   121 | D        | Noticed a fleshlord
   122 | D        | Killed an accursed
   123 | D        | Killed a fleshlord
   123 | D        | Killed a fleshlord
   123 | D        | Noticed a fleshlord
   125 | D        | Killed a fleshlord
   126 | D        | Killed a meat beast
   126 | D        | Noticed a fleshlord
   127 | D        | Killed a fleshlord
   127 | D        | Noticed a fleshlord
   129 | D        | Noticed a fleshlord
   129 | D        | Noticed a meat beast
   129 | D        | Noticed a dread
   130 | D        | Killed a tyrant
   132 | D        | Killed a fleshlord
   132 | D        | Killed a fleshlord
   134 | D        | Noticed a dread
   134 | D        | Killed a meat beast
   134 | D        | Noticed a fleshlord
   136 | D        | Killed a fleshlord
   137 | D        | Noticed a dread
   137 | D        | Killed a fleshlord
   139 | D        | Noticed a large bag of meat
   139 | D        | Noticed a fleshlord
   140 | D        | Killed a dread
   142 | D        | Killed a fleshlord
   142 | D        | Killed a fleshlord
   142 | D        | Killed a large bag of meat
   144 | D        | Noticed a fleshlord
   144 | D        | Killed a large bag of meat
   145 | D        | Noticed a meat beast
   146 | D        | Noticed The Meatlord
   146 | D        | HP: 4/298 [dread/damnation (32)]
   147 | D        | Noticed a meat beast
   147 | D        | Killed from afar by a dread

Illustrated notes

Levels and vault maps discovered:
D:        meatsprint

Skill      XL: |  1  2  3  4  5  6  7  8  9 10 11 12 13 14 15 16 17 18 19 20 21 22 23 24 25 26 27 |
---------------+----------------------------------------------------------------------------------+-----
Fighting       | 15 17 18 21 23 27 | 27.0
Axes           | 19 21 23 26 27 | 27.0
Dodging        | 17 19 21 24 25 27 | 27.0
Stealth        | 9 10 11 13 14 22 27 | 27.0
Short Blades   | 4 8 9 11 13 14 16 18 19 20 22 27 | 27.0
Long Blades    | 4 8 11 12 13 15 17 18 19 21 27 | 27.0
Maces & Flails | 4 8 11 12 13 15 17 18 19 21 27 | 27.0
Polearms       | 3 7 10 11 12 14 15 17 18 19 27 | 27.0
Staves         | 3 7 10 11 12 14 15 17 18 20 27 | 27.0
Slings         | 5 10 13 16 17 19 21 22 24 25 27 | 27.0
Bows           | 3 7 9 11 12 13 15 16 17 18 27 | 27.0
Crossbows      | 5 10 13 16 17 19 21 22 24 25 27 | 27.0
Throwing       | 4 8 9 11 13 14 16 18 19 20 22 27 | 27.0
Armour         | 5 10 13 16 17 19 21 22 24 25 27 | 27.0
Shields        | 5 10 13 16 17 19 21 22 24 25 27 | 27.0
Unarmed Combat | 4 8 9 11 13 14 16 18 19 20 22 27 | 27.0
Spellcasting   | 4 7 8 10 12 13 15 16 18 19 20 27 | 27.0
Conjurations   | 4 8 9 11 13 14 16 18 19 20 22 27 | 27.0
Hexes          | 4 7 8 10 12 13 15 16 18 19 20 27 | 27.0
Summonings     | 4 8 9 11 13 14 16 18 19 20 22 27 | 27.0
Necromancy     | 5 10 13 16 17 19 21 22 24 26 27 | 27.0
Translocations | 5 10 13 16 17 19 21 22 24 26 27 | 27.0
Transmutations | 4 8 9 11 13 14 16 18 19 20 22 27 | 27.0
Fire Magic     | 4 8 9 11 13 14 16 18 19 20 22 27 | 27.0
Ice Magic      | 4 8 9 11 13 14 16 18 19 20 22 27 | 27.0
Air Magic      | 3 7 9 11 12 13 15 16 17 19 27 | 27.0
Earth Magic    | 6 12 16 18 20 22 24 26 27 | 27.0
Poison Magic   | 4 7 8 10 12 13 15 16 18 19 20 27 | 27.0
Invocations    | 6 12 16 18 20 22 24 26 27 | 27.0
Evocations     | 6 12 16 18 20 22 24 26 27 | 27.0

Action                   |  1- 3 |  4- 6 |  7- 9 | 10-12 | 13-15 | 16-18 | 19-21 | 22-24 | 25-27 || total
-------------------------+-------+-------+-------+-------+-------+-------+-------+-------+-------++-------
Melee: Executioner's axe |     1 |       |       |     2 |     4 |     7 |    10 |    12 |    64 ||   100
  Use: Potion            |       |       |       |       |       |       |       |       |     2 ||     2
Dodge: Dodged            |       |       |       |       |       |       |       |     2 |    12 ||    14

Table legend: (Time is in decaauts)
 A = Elapsed time spent in this place.
 B = Non-inter-level travel time spent in this place.
 C = Inter-level travel time spent in this place.
 D = Time resting spent in this place.
 E = Time spent auto-exploring this place.
 F = Levels seen in this place.
 G = Mean time per level.
                   A        B        C        D        E       F      G
               +--------+--------+--------+--------+--------+-----+--------+
         Total |    126 |    126 |      0 |      0 |      0 |   1 |  126.0 |
       Dungeon |    126 |    126 |      0 |      0 |      0 |   1 |  126.0 |
               +--------+--------+--------+--------+--------+-----+--------+

Top non-repeatable levels by time:
       D: 126 daAuts
